 Dungeon Crawl Stone Soup version 0.24-a0-48-g0ecae65 (webtiles) character file.

Game seed: 3489618209914510555

179 Dantiko the Skirmisher (level 5, -2/46 HPs)
             Began as a Centaur Warper on Feb 4, 2019.
             Killed from afar by an orc wizard (9 damage)
             ... with a magic dart
             ... on level 3 of the Dungeon.
             The game lasted 00:11:11 (2492 turns).

Dantiko the Skirmisher (Centaur Warper)             Turns: 2492, Time: 00:11:12

Health: -2/46      AC:  4    Str: 13    XL:     5   Next: 32%
Magic:  8/8        EV:  9    Int: 12    God:
Gold:   75         SH:  0    Dex: 10    Spells: 6/8 levels left

rFire    . . .     SeeInvis .   a - +0 spear
rCold    . . .     Gourm    .   (no shield)
rNeg     . . .     Faith    .   b - +0 leather armour
rPois    .         Spirit   .   (no helmet)
rElec    .         Reflect  .   (no cloak)
rCorr    .         Harm     .   (no gloves)
MR       .....                  (no barding)
Stlth    ..........             (no amulet)
HPRegen  0.15/turn              (no ring)
MPRegen  0.11/turn              (no ring)

@: very quick
A: large, hooves 3, deformed body, speed 2, tough skin 3
a: no special abilities


You were on level 3 of the Dungeon.
You were not hungry.

You visited 1 branch of the dungeon, and saw 3 of its levels.

You collected 75 gold pieces.

Inventory:

Hand Weapons
 a - a +0 spear (weapon)
Missiles
 e - 5 tomahawks of dispersal (quivered)
Armour
 b - a +0 leather armour (worn)
 m - a +0 ring mail
Jewellery
 c - an uncursed amulet of rage
Scrolls
 d - 2 scrolls of blinking
 g - a scroll of magic mapping {unknown}
 i - a scroll of remove curse {unknown}
 j - a scroll of teleportation {unknown}
 p - a scroll of identify
Potions
 h - a potion of mutation {unknown}
 k - a potion of ambrosia {unknown}
 l - a potion of might {unknown}
 o - a potion of magic {unknown}
 q - a potion of curing {unknown}
 r - a potion of lignification {unknown}
Comestibles
 f - 5 rations
 n - 10 chunks of flesh


   Skills:
 * Level 4.0 Fighting
 - Level 3.0 Polearms
 - Level 1.1 Throwing
 - Level 1.0 Armour
 - Level 2.0 Dodging
 - Level 2.0 Spellcasting
 - Level 2.6 Translocations


You had 6 spell levels left.
You knew the following spells:

 Your Spells              Type           Power        Failure   Level  Hunger
a - Blink                 Tloc           N/A          17%         2    ###....

Your spell library contained the following spells:

 Spells                   Type           Power        Failure   Level  Hunger
 Shroud of Golubria       Chrm/Tloc      #.........   30%         2    ###....
 Gell's Gravitas          Tloc           #.........   34%         3    ####...
 Lesser Beckoning         Tloc           #.........   34%         3    ####...
 Teleport Other           Tloc           #.......     34%         3    ####...
 Passage of Golubria      Tloc           N/A          75%         4    #####..


Dungeon Overview and Level Annotations

Branches:
Dungeon (3/15)

Altars:


Innate Abilities, Weirdness & Mutations

You have hooves in place of feet.
Armour fits poorly on your strangely shaped body.
You cover ground very quickly.
You have extremely tough skin. (AC +3)


Message History

The orc wizard barely misses you.
The orc wizard gestures at you while chanting.
The magic dart hits you!
* * * LOW HITPOINT WARNING * * *
Attack whom?
Press: ? - help, Dir - move target cursor, f/p - orc wizard
Aim: an orc wizard, wielding a +0 dagger and wearing a cursed +0 robe (moderately wounded, fast)
You barely miss the orc wizard.
The orc wizard is moderately wounded.
The orc wizard barely misses you.
Attack whom?
Press: ? - help, Dir - move target cursor, f/p - orc wizard
Aim: an orc wizard, wielding a +0 dagger and wearing a cursed +0 robe (moderately wounded, fast)
You hit the orc wizard.
The orc wizard is moderately wounded.
The orc wizard gestures wildly while chanting.
The orc wizard blinks!
The orc wizard casts a spell at you. The magic dart hits you!
You die...

#...##....# #)...#....#
#.#..#....# #.#..#.##########
#....#...###....#
####.#....##....# #########
#[#....')....## #........
#####.#....#...§†.# #........
#.....######....@.#######........
#.##### #o..##)...."..........
#.....# ######>..........)....
#####.##### #+#######........
#.....# #........ #####.#
#........ #.##.# #....l...
#....## ########. #.....# .


You could see an orc wizard.

Vanquished Creatures
  A hound (D:2)
  An orc wizard (D:3)
  5 adders
  2 oozes
  A worm (D:2)
  2 dart slugs (D:1)
  A leopard gecko (D:2)
  3 orcs (D:3)
  5 bats
  4 giant cockroaches
  8 goblins
  7 hobgoblins
  4 jackals (D:2)
  A quokka (D:2)
  2 ball pythons (D:2)
  3 frilled lizards
  2 kobolds
  4 rats
56 creatures vanquished.

Notes
Turn   | Place    | Note
-------+----------+-------------------------------------------
     0 | D:1      | Dantiko the Centaur Warper began the quest for the Orb.
     0 | D:1      | Reached XP level 1. HP: 17/17 MP: 3/3
   304 | D:1      | Reached XP level 2. HP: 24/24 MP: 4/4
   425 | D:1      | Reached skill level 1 in Armour
   795 | D:2      | Reached XP level 3. HP: 4/29 MP: 5/5
   857 | D:2      | Learned a level 2 spell: Blink
  1098 | D:2      | Reached XP level 4. HP: 9/36 MP: 7/7
  2102 | D:2      | Reached skill level 3 in Fighting
  2334 | D:3      | Reached XP level 5. HP: 29/45 MP: 8/8
  2478 | D:3      | Reached skill level 4 in Fighting
  2492 | D:3      | Killed from afar by an orc wizard

Vault maps used:
D:1:      minmay_arrival_doors
D:2:      kennysheep_doodads

Skill      XL: |  1  2  3  4  5 |
---------------+----------------+-----
Polearms       | 2 3 |  3.0
Armour         | 1 |  1.0
Spellcasting   | 2 |  2.0
Dodging        | 2 |  2.0
Fighting       | 3 4 |  4.0
Throwing       | |  1.1
Translocations | |  2.6

Action                   |  1- 3 |  4- 6 || total
-------------------------+-------+-------++-------
Melee: Spear             |   148 |   126 ||   274
       Kick              |     9 |     9 ||    18
  Use: Scroll            |       |     2 ||     2
  Eat: Chunk             |       |     4 ||     4
Armor: Leather armour    |    46 |    26 ||    72
Dodge: Dodged            |    41 |    62 ||   103

Table legend:
 A = Non-vault XP
 B = Vault XP
 C = Vault XP percentage of total XP
 D = Non-vault monster count
 E = Vault monster count
 F = Vault count percentage of total count
                 A         B        C        D         E       F
            +---------+---------+-------+---------+---------+-------
      Total |     256 |       0 |   0.0 |      56 |       0 |   0.0
            +---------+---------+-------+---------+---------+-------
        D:1 |      33 |       0 |   0.0 |      14 |       0 |   0.0
        D:2 |     156 |       0 |   0.0 |      35 |       0 |   0.0
        D:3 |      67 |       0 |   0.0 |       7 |       0 |   0.0
            +---------+---------+-------+---------+---------+-------
